 Dungeon Crawl Stone Soup version 0.27.1-4-g1640c2035a (webtiles) character file.

Game seed: 16462437495059906639

28 Stomo444 the Gusty (level 3, -3/24 HPs)
             Began as a Vine Stalker Air Elementalist on Nov 12, 2021.
             Slain by Jessica (5 damage)
             ... on level 2 of the Dungeon.
             The game lasted 00:01:52 (1022 turns).

Stomo444 the Gusty (Vine Stalker Air Elementalist)  Turns: 1022, Time: 00:01:53

Health: -3/24      AC: 21    Str: 11    XL:     3   Next: 12%
Magic:  0/7        EV:  2    Int: 15    God:
Gold:   25         SH:  0    Dex: 14    Spells: 4/7 levels left

rFire    . . .     SeeInvis .   g - +0 mace
rCold    . . .     Faith    .   (no shield)
rNeg     + + +     Spirit   +   (armour currently unavailable)
rPois    +         Reflect  .   (helmet currently unavailable)
rElec    .         Harm     .   (cloak currently unavailable)
rCorr    .         Rampage  .   (gloves currently unavailable)
Will     .....     NoTele   +   (boots currently unavailable)
Stlth    ++........             (no amulet)
HPRegen  0.08/turn              (no ring)
MPRegen  0.10/turn              (no ring)

@: lethally poisoned (-3 -> -17), tree-form
A: stationary, stasis, torment immunity, boosted hp, (fangs 2), magic shield,
(antimagic bite), no potion heal 2
a: no special abilities


You were on level 2 of the Dungeon.
You were a tree.
You visited 1 branch of the dungeon, and saw 2 of its levels.

You collected 25 gold pieces.

Inventory:

Hand Weapons
 e - a +0 club
 f - a +0 whip
 g - a +0 mace (weapon)
Armour
 a - a +1 robe (melded)
Potions
 c - a potion of resistance {unknown}
 d - a potion of haste {unknown}


   Skills:
 + Level 2.0 Dodging
 - Level 2.4 Stealth
 + Level 2.6 Spellcasting
 + Level 1.6 Conjurations
 + Level 3.3 Air Magic


You had 4 spell levels left.
You knew the following spells:

 Your Spells              Type           Power      Damage    Failure   Level
a - Shock                 Conj/Air       36%        1d5       8%          1
b - Static Discharge      Conj/Air       9%         N/A       12%         2

Your spell library contained the following spells:

 Spells                   Type           Power      Damage    Failure   Level
 Swiftness                Air            12%        N/A       16%         3
 Airstrike                Air            6%         N/A       45%         4


Dungeon Overview and Level Annotations

Branches:
Dungeon (2/15)

Altars:

Shops:
D:1 *

Annotations:
D:2 Jessica


Innate Abilities, Weirdness & Mutations

You are a tree.
Your roots penetrate the ground, keeping you stationary.
You cannot be teleported.
You are immune to unholy pain and torment.
Your maximum health is greatly increased.
Your equipment is partially melded.
((You have extremely sharp teeth.))
When hurt, damage is shared between your health and your magic reserves.
((Your bite disrupts and absorbs the magic of your enemies.))
Potions cannot restore your health.


Message History

Your magical contamination has completely faded away.
Your Dodging skill increases to level 2!
Casting: Shock (safe; 8% risk of failure)
Confirm with . or Enter, or press ? or * to list all spells.
Aiming: Shock (safe; 8% risk of failure)
Press: ? - help, Shift-Dir - straight line, f/p - Jessica
Aim: Jessica, wielding a +3 dagger of venom and wearing a +0 robe (fast, 68% to hit)
You miscast Shock.
You are very lightly contaminated with residual magic.
Nothing appears to happen.
Casting: Shock (safe; 8% risk of failure)
Confirm with . or Enter, or press ? or * to list all spells.
Aiming: Shock (safe; 8% risk of failure)
Press: ? - help, Shift-Dir - straight line, f/p - Jessica
Aim: Jessica, wielding a +3 dagger of venom and wearing a +0 robe (fast, 68% to hit)
The zap hits Jessica.
Jessica is moderately wounded.
Jessica says, "I'm really upset."
Jessica hits you with a +3 dagger of venom.
Jessica drinks a potion.
Jessica seems to grow stronger.
Your magical contamination has completely faded away.
There is a stone staircase leading up here.
Okay, then.
As you read the scroll labelled DITYIFIPNO, it crumbles to dust.
It is a scroll of enchant armour.
Your +0 robe glows green for a moment.
Jessica hits you with a +3 dagger of venom.
It was a potion of lignification.
You turn into a tree.
Your +1 robe melds into your body.
Your roots penetrate the ground.
Jessica hits you but does no damage. x2
You are lethally poisoned!
You closely miss Jessica.
Jessica is moderately wounded.
* * * LOW HITPOINT WARNING * * *
You feel very sick.
Jessica hits you with a +3 dagger of venom.
* * * LOW HITPOINT WARNING * * *
You are more poisoned.
Jessica hits you with a +3 dagger of venom.
You die...

. ### ..
..# ##..#
#.##...#
#....#
###♣...#
#.@.##.#
#####.###
#.....#
#.#####
#†# #.#
..# †##


You could see Jessica (fast, strong).

Vanquished Creatures
  A dart slug (D:1)
  A ball python (D:1)
  2 endoplasms (D:1)
  3 giant cockroaches
  2 goblins (D:1)
  A hobgoblin (D:1)
  6 jackals
  A bat (D:1)
  A frilled lizard (D:1)
  2 kobolds (D:1)
  2 rats
22 creatures vanquished.

Vanquished Creatures (others)
  A fungus (D:2)
1 creature vanquished.

Grand Total: 23 creatures vanquished

Notes
Turn   | Place    | Note
-------+----------+-------------------------------------------
     0 | D:1      | Stomo444 the Vine Stalker Air Elementalist began the quest
                  | for the Orb.
     0 | D:1      | Reached XP level 1. HP: 9/9 MP: 4/4
   139 | D:1      | Found Weophier's General Store.
   250 | D:1      | Reached XP level 2. HP: 9/13 MP: 0/6
   278 | D:1      | Learned a level 2 spell: Static Discharge
  1008 | D:2      | Noticed Jessica
  1011 | D:2      | Reached XP level 3. HP: 13/16 MP: 3/7
  1022 | D:2      | Slain by Jessica

Illustrated notes

Levels and vault maps discovered:
D:1:      minmay_arrival_up_and_down, layout_basic, serial_shops, shop,
          minmay_misc_feat_rugged, serial_bayou_pond_a
D:2:      layout_rooms, minmay_misc_feat_hallway, uniq_jessica,
          uniq_crazy_yiuf_cottage, uniq_natasha

Skill      XL: |  1  2  3 |
---------------+----------+-----
Dodging        | 2 |  2.0
Stealth        | |  2.4
Spellcasting   | |  2.6
Conjurations   | |  1.6
Air Magic      | |  3.3

Action                   || total
-------------------------++-------
Melee: Unarmed           ||    14
       Club              ||    11
       Bite              ||     4
       Mace              ||     5
       Whip              ||     2
 Cast: Shock             ||    25
       Static Discharge  ||     1
  Use: Scroll            ||     1
       Potion            ||     1
Armor: Robe              ||     8
       Skin              ||     2
Dodge: Dodged            ||    24
